 Dungeon Crawl Stone Soup version 0.20.1-1-g8b1a95d (webtiles) character file.

245 myopia the Magician (level 5, -10/28 HPs)
             Began as a Deep Elf Conjurer on Jan 1, 2018.
             Mangled by an ice beast (13 damage)
             ... on level 3 of the Dungeon.
             The game lasted 00:17:39 (2856 turns).

myopia the Magician (Deep Elf Conjurer)             Turns: 2856, Time: 00:17:43

Health: -10/28     AC:  3    Str:  5    XL:     5   Next: 83%
Magic:  10/16      EV: 13    Int: 21    God:
Gold:   152        SH:  0    Dex: 15    Spells: 10/17 levels left

rFire    . . .     SeeInvis .   v - +3 trident (protect)
rCold    . . .     Gourm    .   (no shield)
rNeg     . . .     Faith    .   a - +0 robe
rPois    .         Spirit   .   (no helmet)
rElec    .         Reflect  .   k - +0 cloak
rCorr    .         Harm     .   (no gloves)
MR       .....                  (no boots)
Stlth    ++........             (no amulet)
Regen    0.1/turn               (no ring)
MPRegen  0.2/turn               (no ring)

@: no status effects
A: no striking features
a: no special abilities


You were on level 3 of the Dungeon.
You were not hungry.

You visited 1 branch of the dungeon, and saw 3 of its levels.

You collected 152 gold pieces.

Inventory:

Hand Weapons
 e - a +0 dagger
 t - a +0 hunting sling
 u - a +0 dagger of holy wrath
 v - a +3 trident of protection (weapon)
Missiles
 g - 13 arrows
 h - 7 tomahawks (quivered)
Armour
 a - a +0 robe (worn)
 j - a +0 robe
 k - a +0 cloak (worn)
 s - a +2 scale mail of cold resistance
Scrolls
 l - a scroll of teleportation {unknown}
 n - a scroll of identify
 o - a scroll of immolation {unknown}
 q - a scroll of enchant armour {unknown}
 r - a scroll of amnesia {unknown}
Potions
 d - a potion of degeneration {unknown}
 i - a potion of curing
 p - a potion of resistance {unknown}
Books
 b - a book of Conjurations

   Spells                             Type                      Level
   a - Magic Dart                     Conjuration                  1
   b - Searing Ray                    Conjuration                  2
   c - Dazzling Spray                 Conjuration/Hexes            3
   d - Fulminant Prism                Conjuration/Hexes            4
   e - Force Lance                    Conjuration/Translocation    4
   f - Iskenderun's Mystic Blast      Conjuration                  4
Comestibles
 c - 3 bread rations
 f - 2 meat rations
 m - 2 fruits
 w - a chunk of flesh


   Skills:
 - Level 2.4 Dodging
 - Level 2.4 Stealth
 + Level 6.6 Spellcasting
 - Level 6.0 Conjurations


You had 10 spell levels left.
You knew the following spells:

 Your Spells              Type           Power        Failure   Level  Hunger
a - Magic Dart            Conj           ####         1%          1    None
b - Searing Ray           Conj           ####..       1%          2    None
c - Iskenderun's Mystic   Conj           ####....     8%          4    ###....


Dungeon Overview and Level Annotations

Branches:
Dungeon (3/15)

Altars:
Elyvilon
Uskayaw


Message History

The searing ray hits the ice beast.
The ice beast is severely wounded.
You finish channeling your searing ray.
The ice beast hits you. The ice beast freezes you!
* * * LOW HITPOINT WARNING * * *
You feel better. The ice beast hits you. The ice beast freezes you!
* * * LOW HITPOINT WARNING * * *
You feel better. The ice beast closely misses you.
Casting: Searing Ray
Confirm with . or Enter, or press ? or * to list all spells.
Aiming: Searing Ray
Press: ? - help, Shift-Dir - straight line, f/p - ice beast
Aim: an ice beast (severely wounded)
The searing ray hits the ice beast.
The ice beast is severely wounded. (Press . to maintain the ray.)
The ice beast hits you.
* * * LOW HITPOINT WARNING * * *
The ice beast freezes you!
You die...

♣♣..P♣♣.####...###..♣
♣.......# ##..###.P♣
#.♣P..♣♣♣######.#.##..P
#..♣♣♣♣♣.......###...P.
#.b #..#######.#.##..P
#.. #.†# ##.###)#. #..
#..# #.##.... #..###..#
#.##..## #..).Y@.#
#....... ##$.#####
####..## #..# #..#.
#..# #..>. #..# #....
#.Y# ##... #..# #...
#..# #... #<.. ##.#


You could see an ice beast.

Vanquished Creatures
  An orc priest (D:3)
  An orc wizard (D:3)
  Terence (D:3)
  9 adders
  2 worms (D:2)
  3 leopard geckos
  6 orcs (D:3)
  A ball python (D:2)
  11 bats
  5 giant cockroaches
  9 goblins
  5 hobgoblins
  A quokka (D:2)
  4 frilled lizards
  6 kobolds
  6 rats
  A plant (D:3)
72 creatures vanquished.

Vanquished Creatures (others)
  A quokka (D:3)
  A plant (D:3)
2 creatures vanquished.

Grand Total: 74 creatures vanquished

Notes
Turn   | Place    | Note
-------+----------+-------------------------------------------
     0 | D:1      | myopia the Deep Elf Conjurer began the quest for the Orb.
     0 | D:1      | Reached XP level 1. HP: 10/10 MP: 6/6
   203 | D:1      | Reached XP level 2. HP: 15/15 MP: 6/8
   225 | D:1      | Reached skill level 5 in Conjurations
   802 | D:2      | Reached XP level 3. HP: 19/19 MP: 5/9
   811 | D:2      | Learned a level 2 spell: Searing Ray
  1324 | D:2      | Reached XP level 4. HP: 24/24 MP: 7/10
  1389 | D:2      | Found a faded altar of an unknown god.
  1518 | D:2      | Found a hide-covered altar of Uskayaw.
  1519 | D:2      | Noticed a hand axe
  1519 | D:2      | Noticed a hand axe
  1811 | D:3      | Noticed Terence
  1865 | D:3      | Killed Terence
  1865 | D:3      | Reached skill level 5 in Spellcasting
  1941 | D:3      | Reached XP level 5. HP: 28/28 MP: 10/14
  1943 | D:3      | Found a white marble altar of Elyvilon.
  2636 | D:3      | Learned a level 4 spell: Iskenderun's Mystic Blast
  2843 | D:3      | Noticed an ice beast
  2856 | D:3      | Mangled by an ice beast

Skill      XL: |  1  2  3  4  5 |
---------------+----------------+-----
Conjurations   | 5 6 |  6.0
Spellcasting   | 5 6 |  6.6
Dodging        | |  2.4
Stealth        | |  2.4

Action                   |  1- 3 |  4- 6 || total
-------------------------+-------+-------++-------
Melee: Dagger            |    21 |   282 ||   303
       Trident           |       |    18 ||    18
Throw: Tomahawk          |     2 |       ||     2
 Cast: Magic Dart        |    52 |    55 ||   107
       Searing Ray       |     3 |     7 ||    10
  Use: Scroll            |     1 |       ||     1
       Potion            |       |     2 ||     2
 Stab: Sleeping          |       |     2 ||     2
  Eat: Chunk             |     1 |     4 ||     5
       Fruit             |       |     2 ||     2
Armor: Robe              |     5 |    10 ||    15
Dodge: Dodged            |    17 |    38 ||    55
